 Dungeon Sprint DCSS version 0.15-a0-1253-g15b4f57 (webtiles) character file.

6900000 MDvedh the Ninja (level 22, -37/148 HPs)
             Began as a Spriggan Warper on June 4, 2014.
             Killed by the air
             ... invoked by a tyrant
              (48 damage)
             ... in the Dungeon (Sprint VIII: "Arena of Blood").
             The game lasted 00:02:09 (69 turns).

MDvedh the Ninja (Spriggan Warper)                    Turns: 69, Time: 00:02:10

HP -37/148       AC  4     Str  7      XL: 22   Next: 24%
MP  16/49        EV 44     Int 16      God:
Gold 0           SH  0     Dex 24      Spells:  1 memorised, 74 levels left

rFire  . . .     SeeInvis +     l - +∞ Axe of Woe
rCold  . . .     Clarity  .     b - +0 robe
rNeg   . . .     rCorr    .     (shield restricted)
rPois  .         rRot     .     (helmet restricted)
rElec  .         Spirit   .     (no cloak)
SustAb .         Warding  .     (gloves unavailable)
rMut   .         NoTele   +     (boots unavailable)
Gourm  .                        (no amulet)
MR     +++..                    (no ring)
                                (no ring)

@: very quick, extremely resistant to hostile enchantments, uncannily stealthy
A: unfitting armour, see invisible, herbivore 3, speed 3, slow metabolism 2
a: no special abilities


You were in the Dungeon.
You were not hungry.

You visited 1 branch

Inventory:

Hand weapons
 a - a +0,+0 hand axe
 l - the +∞,+∞ Axe of Woe (weapon)
   (You found it in the Dungeon)
Missiles
 e - 5 tomahawks (quivered)
Armour
 b - a +0 robe (worn)
Scrolls
 d - 2 scrolls of blinking
Potions
 f - a potion of porridge
 g - a potion of curing
 h - a potion of heal wounds
 i - a potion of haste
 j - 2 potions of magic
 k - a potion of berserk rage
Books
 c - a book of Spatial Translocations

   Spells                             Type                      Level
   *Apportation                       Translocation                1
   Blink                              Translocation                2
   Shroud of Golubria                 Charms/Translocation         2
   Portal Projectile                  Translocation                3
   Teleport Other                     Translocation                3
   Passage of Golubria                Translocation                4


   Skills:
 O Level 27 Fighting
 O Level 27 Axes
 O Level 27 Throwing
 O Level 27 Armour
 O Level 27 Dodging
 O Level 27 Stealth
 O Level 27 Unarmed Combat
 O Level 27 Spellcasting
 O Level 27 Translocations


You had 74 spell levels left.
You knew the following spells:

 Your Spells              Type           Power        Failure   Level  Hunger
a - Apportation           Tloc           #######...   0%          1    None


Dungeon Overview and Level Annotations

Branches:
Dungeon (1/1)

Altars:
Makhleb


Innate Abilities, Weirdness & Mutations

You are tiny and cannot use many weapons and most armour.
You have supernaturally acute eyesight.
You are a herbivore.
You cover ground extremely quickly.
You need consume almost no food.


Message History

Unknown command.
You slash the small abomination!
You fatally mangle the small abomination.
You destroy the small abomination!
You hear a shout! x2
The tyrant mumbles some strange words.
The tyrant seems to speed up.
You hear a shout! x3
The meat berserker rages.
The destroyer blinks!
You hear a shout!
A bag of meat comes into view. It is wielding a +9,+9 war axe.
Unknown command.
You slash the meat berserker!
You chop the meat berserker into pieces.
You kill the meat berserker!
You hear a shout! x2
The tyrant waves its bony arms in wide circles.
The air twists around and strikes you!
You die...

.###.....X.###.......
......###o............
......._.X.X)........
.....#.....#.......#.#.
... #_.<)X#............
......#.))).#)OL.oM#.#.#
#......)._).O.........oo.
.......)###)))V.....#.#O
..###...x..@###.....oo
#.....).# .......o.
#.......# ........
....V.o.. .......
.............#...
............#o.. .......#
O....#. .o#


You could see an accursed, a tentacled monstrosity, a tyrant, 2 destroyers, 3
large abominations, 3 meat berserkers, a small abomination and 4 bags of meat.

Vanquished Creatures
  12 ogres (D)
  27 orcs (D)
  A skeletal warrior (D)
  9 vampire knights (D)
  A large abomination (D)
  4 small abominations (D)
  3 crawling corpses (D)
57 creatures vanquished.

Notes
Turn   | Place    | Note
--------------------------------------------------------------
     0 | D        | MDvedh, the Spriggan Warper, began the quest for the Orb.
     0 | D        | Reached XP level 1. HP: 10/10 MP: 4/4
     3 | D        | Noticed a bag of meat
     4 | D        | Noticed a bag of meat
     4 | D        | Noticed a bag of meat
     5 | D        | Noticed a bag of meat
     7 | D        | Noticed a meat berserker
     7 | D        | Killed a bag of meat
     7 | D        | Reached skill level 9 in Fighting
     7 | D        | Reached skill level 11 in Throwing
     7 | D        | Reached skill level 15 in Dodging
     7 | D        | Reached skill level 15 in Stealth
     7 | D        | Reached skill level 15 in Translocations
     7 | D        | Reached XP level 2. HP: 12/23 MP: 4/20
     7 | D        | Reached XP level 3. HP: 14/28 MP: 4/23
     7 | D        | Reached XP level 4. HP: 16/32 MP: 4/25
     7 | D        | Reached XP level 5. HP: 18/36 MP: 4/27
     7 | D        | Reached XP level 6. HP: 20/41 MP: 4/28
     7 | D        | Reached XP level 7. HP: 21/44 MP: 4/30
     7 | D        | Reached XP level 8. HP: 23/49 MP: 4/31
     7 | D        | Reached XP level 9. HP: 24/53 MP: 4/32
     7 | D        | Reached XP level 10. HP: 26/58 MP: 4/33
     7 | D        | Reached XP level 11. HP: 27/62 MP: 4/34
     8 | D        | Killed a bag of meat
     8 | D        | Reached skill level 10 in Fighting
     8 | D        | Reached skill level 10 in Axes
     8 | D        | Reached skill level 17 in Dodging
     8 | D        | Reached skill level 18 in Stealth
     8 | D        | Reached XP level 12. HP: 29/69 MP: 4/36
     8 | D        | Killed a bag of meat
     8 | D        | Reached skill level 19 in Stealth
     8 | D        | Reached XP level 13. HP: 30/74 MP: 4/38
     9 | D        | Noticed a bag of meat
    10 | D        | Noticed a meat berserker
    11 | D        | Killed a bag of meat
    11 | D        | Reached skill level 15 in Throwing
    11 | D        | Reached skill level 20 in Stealth
    12 | D        | Killed a meat berserker
    12 | D        | Reached skill level 21 in Stealth
    12 | D        | Reached XP level 14. HP: 33/82 MP: 5/40
    13 | D        | Noticed a meat berserker
    13 | D        | Noticed a bag of meat
    13 | D        | Noticed a bag of meat
    15 | D        | Killed a meat berserker
    15 | D        | Reached skill level 22 in Stealth
    16 | D        | Noticed a bag of meat
    16 | D        | Killed a meat berserker
    16 | D        | Reached skill level 23 in Stealth
    16 | D        | Reached XP level 15. HP: 34/88 MP: 6/41
    17 | D        | Noticed a meat berserker
    17 | D        | Noticed a bag of meat
    18 | D        | Noticed a meat berserker
    18 | D        | Noticed a bag of meat
    18 | D        | Noticed a bag of meat
    19 | D        | Noticed a bag of meat
    19 | D        | Noticed a bag of meat
    20 | D        | Noticed a bag of meat
    20 | D        | Killed a meat berserker
    20 | D        | Reached skill level 24 in Stealth
    21 | D        | Noticed a bag of meat
    21 | D        | Noticed a bag of meat
    21 | D        | Noticed a bag of meat
    22 | D        | Noticed a bag of meat
    22 | D        | Noticed a bag of meat
    22 | D        | Noticed a bag of meat
    22 | D        | Noticed a bag of meat
    23 | D        | Noticed a bag of meat
    23 | D        | Noticed a bag of meat
    24 | D        | Noticed a meat berserker
    27 | D        | Killed a bag of meat
    27 | D        | Reached skill level 15 in Fighting
    27 | D        | Reached skill level 15 in Axes
    29 | D        | Killed a bag of meat
    29 | D        | Reached skill level 25 in Stealth
    30 | D        | Noticed a bag of meat
    33 | D        | Noticed a meat berserker
    34 | D        | Killed a bag of meat
    34 | D        | Reached skill level 26 in Stealth
    34 | D        | Reached XP level 16. HP: 39/96 MP: 9/43
    35 | D        | Noticed a bag of meat
    35 | D        | Killed a bag of meat
    36 | D        | Noticed a bag of meat
    36 | D        | Killed a bag of meat
    36 | D        | Reached skill level 27 in Stealth
    37 | D        | Noticed a destroyer
    38 | D        | Killed a bag of meat
    38 | D        | Killed a meat berserker
    38 | D        | Reached XP level 17. HP: 42/103 MP: 10/44
    38 | D        | Killed a destroyer
    38 | D        | Reached skill level 27 in Dodging
    38 | D        | Reached skill level 27 in Translocations
    39 | D        | Noticed a bag of meat
    39 | D        | Killed a meat berserker
    40 | D        | Noticed a destroyer
    40 | D        | Killed a bag of meat
    41 | D        | Noticed a meat berserker
    41 | D        | Noticed a meat berserker
    41 | D        | Noticed a destroyer
    42 | D        | Noticed a bag of meat
    42 | D        | Killed a bag of meat
    43 | D        | Killed a destroyer
    43 | D        | Reached XP level 18. HP: 44/113 MP: 11/46
    44 | D        | Noticed a bag of meat
    44 | D        | Noticed a destroyer
    44 | D        | Noticed a bag of meat
    44 | D        | Noticed a bag of meat
    44 | D        | Noticed a sculptor of flesh
    44 | D        | Killed a bag of meat
    44 | D        | Killed a bag of meat
    44 | D        | Reached skill level 27 in Spellcasting
    45 | D        | Killed a destroyer
    45 | D        | Killed a bag of meat
    46 | D        | Noticed a bag of meat
    46 | D        | Noticed a meat berserker
    46 | D        | Killed a bag of meat
    46 | D        | Reached skill level 27 in Throwing
    47 | D        | Noticed a destroyer
    47 | D        | Killed a meat berserker
    47 | D        | Reached skill level 27 in Axes
    47 | D        | Reached XP level 19. HP: 46/124 MP: 12/47
    48 | D        | Killed a bag of meat
    48 | D        | Killed a meat berserker
    49 | D        | Killed a bag of meat
    49 | D        | Reached skill level 27 in Fighting
    49 | D        | HP: 6/132 [meat berserker/+9,+9 battleaxe (16)]
    50 | D        | Noticed a destroyer
    50 | D        | Killed a meat berserker
    50 | D        | Killed a bag of meat
    50 | D        | Killed a bag of meat
    50 | D        | Reached XP level 20. HP: 6/137 MP: 12/48
    51 | D        | Killed a bag of meat
    51 | D        | Reached skill level 15 in Unarmed Combat
    52 | D        | Noticed a bag of meat
    52 | D        | Killed a bag of meat
    53 | D        | Noticed a destroyer
    53 | D        | Noticed a destroyer
    53 | D        | Killed a destroyer
    53 | D        | Killed a destroyer
    53 | D        | Killed a bag of meat
    54 | D        | Noticed a meat berserker
    54 | D        | Killed a bag of meat
    54 | D        | Killed a destroyer
    54 | D        | Reached XP level 21. HP: 7/142 MP: 13/48
    56 | D        | Killed a bag of meat
    56 | D        | Killed a bag of meat
    57 | D        | Noticed a destroyer
    58 | D        | Killed a destroyer
    59 | D        | Killed a destroyer
    60 | D        | Noticed a meat berserker
    61 | D        | Noticed a meat berserker
    61 | D        | Killed a bag of meat
    61 | D        | Killed a sculptor of flesh
    61 | D        | Reached skill level 27 in Unarmed Combat
    62 | D        | Noticed a bag of meat
    62 | D        | Noticed a bag of meat
    62 | D        | Noticed a tyrant
    63 | D        | Noticed a bag of meat
    63 | D        | Noticed a tyrant
    64 | D        | Noticed a meat berserker
    65 | D        | Killed a meat berserker
    66 | D        | Noticed a destroyer
    66 | D        | Noticed a meat berserker
    66 | D        | Killed a destroyer
    66 | D        | Reached skill level 27 in Armour
    66 | D        | Reached XP level 22. HP: 10/148 MP: 16/49
    67 | D        | Noticed an accursed
    67 | D        | Noticed a destroyer
    67 | D        | Killed a meat berserker
    69 | D        | Noticed a bag of meat
    69 | D        | Killed a meat berserker
    69 | D        | Killed from afar by a tyrant

Action                   |  1- 3 |  4- 6 |  7- 9 | 10-12 | 13-15 | 16-18 | 19-21 | 22-24 || total
-------------------------+-------+-------+-------+-------+-------+-------+-------+-------++-------
Melee: Broad axe         |     1 |       |       |     1 |     8 |    11 |    14 |     3 ||    38
 Stab: Distracted        |       |       |       |       |       |       |     1 |       ||     1
